 Dungeon Crawl Stone Soup version 0.27.1-1-g398f81649c (webtiles) character file.

Game seed: 7276708421563247425

4 Descartes the Sneak (level 1, 0/7 HPs)
             Began as a Felid Wanderer on Sept 16, 2021.
             Slain by a jackal (1 damage)
             ... on level 1 of the Dungeon.
             The game lasted 00:01:28 (563 turns).

Descartes the Sneak (Felid Wanderer)                 Turns: 563, Time: 00:01:29

Health: 0/7        AC:  1    Str:  9    XL:     1   Next: 58%
Magic:  2/2        EV: 15    Int: 13    God:
Gold:   12         SH:  0    Dex: 14    Spells: 0/0 levels left
                                        Lives:  0   Deaths: 0

rFire    . . .     SeeInvis +     - Unarmed
rCold    . . .     Faith    .   (shield unavailable)
rNeg     . . .     Spirit   .   (armour unavailable)
rPois    .         Reflect  .   (helmet unavailable)
rElec    .         Harm     .   (cloak unavailable)
rCorr    .         Rampage  .   (gloves unavailable)
Will     .....                  (boots unavailable)
Stlth    +++.......             (no amulet)
HPRegen  0.02/turn              (no ring)
MPRegen  0.08/turn              (no ring)

@: quick
A: very small, claws 1, fangs 3, see invisible, speed 1, shaggy fur 1, stealthy
paws, no weapons or thrown items, no armour, multi-lived
a: no special abilities


You were on level 1 of the Dungeon.
You visited 1 branch of the dungeon, and saw 1 of its levels.

You collected 12 gold pieces.

Inventory:

Potions
 a - a potion of lignification


   Skills:
 + Level 0.3 Dodging
 * Level 5.4 Stealth
 + Level 1.1 Unarmed Combat
 + Level 0.2 Spellcasting
 - Level 4.0 Necromancy
 + Level 1.6 Translocations
 + Level 0.1 Poison Magic


You couldn't memorise any spells.
You didn't know any spells.
Your spell library contained the following spells:

 Spells                   Type           Power      Damage    Failure   Level
 Animate Skeleton         Necr           20%        N/A       6%          1
 Pain                     Necr           40%        1d6       6%          1
 Vampiric Draining        Necr           5%         2d6       19%         3
 Sting                    Tmut/Pois      0%         1d3       30%         1
 Animate Dead             Necr           5%         N/A       52%         4
 Ignite Poison            Fire/Tmut/Pois 0%         N/A       65%         3
 Agony                    Necr           10%        N/A       86%         5


Dungeon Overview and Level Annotations

Branches:
Dungeon (1/15)

Altars:


Innate Abilities, Weirdness & Mutations

You have sharp claws.
You have razor-sharp teeth.
You have supernaturally acute eyesight. (SInv)
You cover ground quickly. (Speed+)
You are covered in fur. (AC +1)
Your paws help you pounce on unaware monsters.
You are incapable of wielding weapons or throwing items.
You cannot wear armour.
You gain extra lives every three experience levels.


Message History

You bite the jackal.
The jackal is heavily wounded.
The jackal barely misses you. The jackal bites you. The jackal misses you.
Things that are here:
a fuming blue potion; 9 bolts The jackal misses you.
A ball python comes into view.
A rat comes into view.
The jackal barely misses you. The rat misses you. The rat bites you.
* * * LOW HITPOINT WARNING * * *
The jackal misses you. The jackal misses you. The jackal barely misses you.
The jackal misses you. The jackal bites you.
* * * LOW HITPOINT WARNING * * *
Things that are here:
a +0 short sword; a kobold skeleton The jackal closely misses you.
You scratch the jackal but do no damage.
The jackal bites you but does no damage.
The jackal bites you but does no damage.
You see here a +0 short sword.
The jackal bites you but does no damage.
You scratch the jackal but do no damage.
The jackal closely misses you.
You closely miss the jackal. The jackal closely misses you.
The jackal barely misses you.
You miss the jackal. The jackal completely misses you.
You closely miss the jackal. Your bite misses the jackal.
The jackal misses you.
You scratch the jackal but do no damage.
The jackal misses you. The jackal bites you.
* * * LOW HITPOINT WARNING * * *
There is an open door here.
You closely miss the jackal. The jackal closely misses you.
You closely miss the jackal. The jackal bites you.
You die...

#.......# #...#
#.......# ###
#...# #.......#
... .....
#.......# #.# ###
#.......# #.#
###.# ####.####
##'####..## #h#
+...'..### #h#
####.<.#### #.#
###hh@...'..# #h#
##.h####'####..#
#.# ##.### #.# .#
#)#####h#########
#..h...h..(....)
################


You could see 3 jackals.

Vanquished Creatures
  An endoplasm (D:1)
  A ball python (D:1)
  2 kobolds (D:1)
  A rat (D:1)
5 creatures vanquished.

Notes
Turn   | Place    | Note
-------+----------+-------------------------------------------
     0 | D:1      | Descartes the Felid Wanderer began the quest for the Orb.
     0 | D:1      | Descartes set off with the following items: a potion of
                  | lignification; and the following spells available to
                  | memorise: Animate Skeleton, Pain, Vampiric Draining, Sting,
                  | Animate Dead, Ignite Poison, Agony
     0 | D:1      | Reached XP level 1. HP: 7/7 MP: 2/2
   563 | D:1      | Slain by a jackal

Illustrated notes

Levels and vault maps discovered:
D:1:      dpeg_arrival_radiant, layout_basic, skrybe_limestone_x

Action                   || total
-------------------------++-------
Melee: Unarmed           ||    21
       Bite              ||     1
 Stab: Sleeping          ||     2
Armor: Skin              ||     3
Dodge: Dodged            ||    25
